 Dungeon Sprint DCSS version 0.25-a0-829-g4e6a552925 (webtiles) character file.

Game seed: 7336688486897528161, levelgen mode: deterministic

35 hoolish the Cutter (level 3, -1/37 HPs)
             Began as a Tengu Berserker on Apr 21, 2020.
             Was a Believer of Trog.
             Slain by a phantom (6 damage)
             ... in the Dungeon (Sprint IX: "|||||||||||||||||||||||||||||").
             The game lasted 00:00:29 (40 turns).

hoolish the Cutter (Tengu Berserker)                  Turns: 40, Time: 00:00:31

Health: -1/37      AC:  2    Str: 18    XL:     3   Next: 33%
Magic:  4/4        EV: 13    Int:  7    God:    Trog [**....]
Gold:   0          SH:  0    Dex: 13    Spells: 2/2 levels left

rFire    . . .     SeeInvis .   a - +0 short sword
rCold    . . .     Gourm    .   (no shield)
rNeg     . . .     Faith    .   b - +0 animal skin
rPois    .         Spirit   .   (helmet restricted)
rElec    .         Reflect  .   (no cloak)
rCorr    .         Harm     .   (no gloves)
MR       .....     NoTele   +   (boots unavailable)
Stlth    ..........             (no amulet)
HPRegen  0.12/turn              (no ring)
MPRegen  0.09/turn              (no ring)

@: berserking (expiring), lethally poisoned (-1 -> -6), very quick
A: beak, talons 3
a: Berserk, Trog's Hand, Renounce Religion


You were in the Dungeon.
You worshipped Trog.
Trog was pleased with you.
You were not hungry.

You visited 1 branch

Inventory:

Hand Weapons
 a - a +0 short sword (weapon)
Armour
 b - a +0 animal skin (worn)
Scrolls
 i - a scroll of blinking
Potions
 d - a potion of curing
 e - a potion of heal wounds
 f - a potion of haste
 g - 2 potions of magic
 h - a potion of berserk rage
Comestibles
 c - a ration
 j - a chunk of flesh


   Skills:
 + Level 4.9 Fighting
 + Level 5.4 Short Blades
 + Level 3.0 Armour
 + Level 3.1 Dodging


You had 2 spell levels left.
You didn't know any spells.
Your spell library was empty.

Dungeon Overview and Level Annotations

Branches:
Dungeon (1/1)

Altars:


Innate Abilities, Weirdness & Mutations

You have a beak for a mouth.
You have claws for feet.


Message History

You have reached level 2!
You have reached level 3!
Your experience leads to an increase in your attributes!
Increase (S)trength, (I)ntelligence, or (D)exterity?
You feel stronger. The phantom closely misses you.
You hit the adder but do no damage. Your kick misses the adder.
You peck the adder!
The adder is severely wounded.
The adder closely misses you.
You closely miss the adder. Your peck misses the adder.
The adder is heavily wounded.
The phantom closely misses you.
You barely miss the adder.
The adder is heavily wounded.
The adder bites you.
* * * LOW HITPOINT WARNING * * *
You are lethally poisoned!
The adder poisons you! The phantom hits you.
You die...

▓.▓
▓.▓
▓†▓
▓)▓
▓.▓
▓.▓
▓.▓
▓W▓
▓@▓
▓S▓
▓S▓
▓l▓
▓.▓
▓.▓
▓+▓


You could see a phantom, 2 adders and a frilled lizard.

Vanquished Creatures
  A hound (D)
  A giant cockroach (D)
  A hobgoblin (D)
  A bat (D)
  2 rats (D)
6 creatures vanquished.

Notes
Turn   | Place    | Note
-------+----------+-------------------------------------------
     0 | D        | hoolish the Tengu Berserker began the quest for the Orb.
     0 | D        | Reached XP level 1. HP: 14/14 MP: 2/2
     9 | D        | Reached ** piety under Trog
    10 | D        | Reached skill level 4 in Short Blades
    24 | D        | Noticed a hound
    24 | D        | Noticed a phantom
    37 | D        | Killed a hound
    37 | D        | Reached skill level 5 in Short Blades
    37 | D        | Reached XP level 2. HP: 5/20 MP: 3/3
    37 | D        | Reached XP level 3. HP: 6/25 MP: 4/4
    40 | D        | Slain by a phantom

Levels and vault maps discovered:
D:        linesprint [early_d, line_temple, items_1, d_10, items_2, lair_1,
          lair_end, items_3, orc_1, orc_end, items_4, d_15, swamp_1, shoals_1,
          snake_1, spider_1, d_20, vaults_1, items_5, swamp_end, shoals_end,
          snake_end, spider_end, vaults_end, d_27, items_6, zot_1, zot_end,
          crypt_end, forest_end, elf_end, slime_end, tomb_end, abyss_end,
          pan_hell_end]

Skill      XL: |  1 |
---------------+----+-----
Short Blades   | 5 |  5.4
Fighting       | 4 |  4.9
Armour         | 3 |  3.0
Dodging        | 3 |  3.1

Action                   || total
-------------------------++-------
Melee: Short sword       ||    22
       Kick              ||     7
       Peck              ||     4
Invok: Berserk           ||     1
Armor: Animal skin       ||     1
Dodge: Dodged            ||    18

Table legend:
 A = Non-vault XP
 B = Vault XP
 C = Vault XP percentage of total XP
 D = Non-vault monster count
 E = Vault monster count
 F = Vault count percentage of total count
                 A         B        C        D         E       F
            +---------+---------+-------+---------+---------+-------
      Total |       0 |      50 | 100.0 |       0 |       6 | 100.0
            +---------+---------+-------+---------+---------+-------
          D |       0 |      50 | 100.0 |       0 |       6 | 100.0
            +---------+---------+-------+---------+---------+-------
